 Dungeon Crawl Stone Soup version 0.28-a0-1429-gf3d713df7a (webtiles) character file.

Game seed: 9821369180524352039

660 bearlyready the Caller (level 7, -1/51 HPs)
             Began as a Gnoll Summoner on Jan 8, 2022.
             Was an Initiate of Gozag.
             Slain by a hound (5 damage)
             ... on level 6 of the Dungeon.
             The game lasted 00:08:16 (5955 turns).

bearlyready the Caller (Gnoll Summoner)             Turns: 5955, Time: 00:08:16

Health: -1/51      AC:  4    Str:  8    XL:     7   Next: 56%
Magic:  15/15      EV: 13    Int: 16    God:    Gozag
Gold:   295        SH:  0    Dex: 12    Spells: 11/17 levels left

rFire   . . .      SeeInvis +   o - +0 short sword (venom)
rCold   . . .      Faith    .   (no shield)
rNeg    . . .      Spirit   .   s - +0 leather armour {rPois}
rPois   +          Reflect  .   (no helmet)
rElec   .          Harm     .   B - +0 cloak
rCorr   .          Rampage  .   (no gloves)
Will    .....                   (no boots)
Stlth   ++........              (no amulet)
HPRegen 0.17/turn               q - ring of see invisible
MPRegen 0.14/turn               (no ring)

@: invisible
A: fangs 1, strong nose, distributed training
a: Renounce Religion, Potion Petition, Call Merchant, Bribe Branch


You were on level 6 of the Dungeon.
You worshipped Gozag.
Gozag was aware of your devotion.
You visited 2 branches of the dungeon, and saw 7 of its levels.

You collected 450 gold pieces.
You spent 36 gold pieces at shops.
You paid 119 gold pieces to Gozag.

Inventory:

Hand Weapons
 c - a +0 dagger
 j - a +1 dagger of speed
 o - a +0 short sword of venom (weapon)
Missiles
 b - 71 stones
 f - 5 silver boomerangs
 n - 39 arrows
 p - 5 javelins
 w - 41 sling bullets
 y - 46 bolts
 F - 2 boomerangs
Armour
 a - a +0 robe
 l - a +0 ring mail
 s - a +0 leather armour of poison resistance (worn)
 t - a +0 tower shield
 v - a +0 scale mail
 B - a +0 cloak (worn)
Jewellery
 q - a ring of see invisible (left hand)
 r - a ring of protection from fire
Scrolls
 d - 2 scrolls of brand weapon {unknown}
 e - a scroll of noise {unknown}
 h - 2 scrolls of magic mapping {unknown}
 i - 3 scrolls of teleportation {unknown}
 m - 7 scrolls of identify {unknown}
 x - 2 scrolls of enchant weapon {unknown}
 C - 2 scrolls of fear {unknown}
 E - a scroll of vulnerability {unknown}
 G - a scroll of fog {unknown}
Potions
 g - a potion of resistance
 k - a potion of haste
 D - a potion of degeneration {unknown}


   Skills:
 + Level 2.5 Fighting
 + Level 2.5 Short Blades
 + Level 2.5 Long Blades
 + Level 2.5 Axes
 + Level 2.5 Maces & Flails
 + Level 2.5 Polearms
 + Level 2.5 Staves
 + Level 2.5 Slings
 + Level 2.5 Bows
 + Level 2.5 Crossbows
 + Level 2.5 Throwing
 + Level 2.5 Armour
 + Level 5.3 Dodging
 + Level 4.9 Stealth
 + Level 2.5 Shields
 + Level 2.5 Unarmed Combat
 + Level 5.6 Spellcasting
 + Level 2.1 Conjurations
 + Level 2.1 Hexes
 + Level 7.4 Summonings
 + Level 2.1 Necromancy
 + Level 2.1 Translocations
 + Level 2.1 Transmutations
 + Level 2.1 Fire Magic
 + Level 2.1 Ice Magic
 + Level 2.1 Air Magic
 + Level 2.1 Earth Magic
 + Level 2.1 Poison Magic
 + Level 2.8 Invocations
 + Level 2.5 Evocations


You had 11 spell levels left.
You knew the following spells:

 Your Spells              Type           Power      Damage    Failure   Level
a - Summon Small Mammal   Summ           100%       N/A       1%          1
b - Call Imp              Summ           28%        N/A       1%          2
c - Call Canine Familiar  Summ           28%        N/A       2%          3

Your spell library contained the following spells:

 Spells                   Type           Power      Damage    Failure   Level
 Summon Guardian Golem    Hex/Summ       19%        N/A       9%          3
 Blink                    Tloc           22%        N/A       13%         2
 Lesser Beckoning         Tloc           11%        N/A       26%         3
 Summon Lightning Spire   Summ/Air       19%        N/A       28%         4
 Manifold Assault         Tloc           11%        N/A       93%         5


Dungeon Overview and Level Annotations

Branches:
Dungeon (6/15)             Temple (1/1) D:5

Altars:
Ashenzari
Dithmenos
Elyvilon
Fedhas
Gozag
Hepliaklqana
Kikubaaqudgha
Sif Muna
Trog
Uskayaw
Vehumet
Zin
Lugonu

Shops:
D:1 =   D:3 (:!

Annotations:
D:5 3 runed translucent doors, southernslant's ghost, novice GrGl


Innate Abilities, Weirdness & Mutations

You have very sharp teeth.
Your uncanny sense of smell can sniff out nearby items.
Your experience applies equally to all skills.


Message History

You open the door.
A centaur comes into view.
A centaur is nearby!
A centaur is nearby!
The centaur shouts!
The centaur wields a +0 shortbow.
The centaur shoots an arrow.
The arrow closely misses you.
A hound comes into view.
The hound barks!
The centaur shoots an arrow.
The arrow hits you!
You miss the hound.
The centaur shoots an arrow.
The arrow misses you. The hound bites you.
The centaur shoots an arrow.
The arrow hits you!
You are too injured to fight recklessly!
The centaur shoots an arrow.
The arrow hits you! The hound bites you.
The centaur shoots an arrow.
The arrow hits you!
* * * LOW HITPOINT WARNING * * *
It was a potion of haste.
You feel yourself speed up. The hound barely misses you. x2
It was a potion of resistance.
You feel protected. The hound bites you.
* * * LOW HITPOINT WARNING * * *
You aren't carrying any items that you can evoke.
Unknown command.
Okay, then.
It was a potion of flight.
You feel very buoyant.
You fly up into the air.
The hound misses you.
It was a potion of cancellation.
Your magical effects are unravelling.
You feel magically purged.
You feel yourself slow down.
You float gracefully downwards.
Your resistance to elements expires.
The hound misses you.
It was a potion of invisibility.
You fade into invisibility!
The hound bites you.
You die...
Your body crumbles into a pile of gold.

###########
#.........# ###
#.........######..
#......>..'.......
#.........######..
#.................
#.........######..
#@######### #..
#h# #.. #c#### #..
#....# ### #.(..#
......# #.........
#.......###
#........


You could see a centaur and a hound.

Vanquished Creatures
  2 hounds (D:5)
  A jelly (D:4)
  3 adders
  An ufetubus (D:4)
  A worm (D:5)
  A dart slug (D:5)
  9 orcs
  3 bats
  4 endoplasms
  4 goblins
  3 hobgoblins
  5 jackals
  6 kobolds
  3 quokkas
  A ball python (D:3)
  3 frilled lizards
  5 rats
55 creatures vanquished.

Vanquished Creatures (collateral kills)
  2 necrophages
  A phantom (D:4)
  A scorpion (D:4)
  A centaur skeleton (D:4)
  A bullfrog skeleton (D:4)
  An orc priest (D:5)
  A hound zombie (D:5)
  2 adders
  An adder zombie (D:5)
  3 orcs
  A bat (D:1)
  3 endoplasms
  2 giant cockroaches (D:1)
  3 hobgoblins (D:1)
  2 jackals (D:4)
  3 kobolds
  A quokka (D:1)
  A ball python (D:3)
  2 frilled lizards
  A rat (D:1)
33 creatures vanquished.

Grand Total: 88 creatures vanquished

Notes
Turn   | Place    | Note
-------+----------+-------------------------------------------
     0 | D:1      | bearlyready the Gnoll Summoner began the quest for the Orb.
     0 | D:1      | Reached XP level 1. HP: 13/13 MP: 6/6
    47 | D:1      | Reached XP level 2. HP: 11/19 MP: 4/7
   582 | D:1      | Found Pohiquawk's Jewellery Shoppe.
   583 | D:1      | Found a faded altar of an unknown god.
   927 | D:1      | Reached XP level 3. HP: 22/25 MP: 6/9
  1096 | D:1      | Reached skill level 5 in Spellcasting
  1271 | D:2      | Learned a level 2 spell: Call Imp
  1275 | D:2      | Learned a level 3 spell: Call Canine Familiar
  1379 | D:2      | Reached skill level 1 in Invocations
  2251 | D:3      | Noticed a necrophage
  2260 | D:3      | Reached skill level 1 in Fighting
  2260 | D:3      | Reached skill level 1 in Short Blades
  2260 | D:3      | Reached skill level 1 in Long Blades
  2260 | D:3      | Reached skill level 1 in Axes
  2260 | D:3      | Reached skill level 1 in Maces & Flails
  2260 | D:3      | Reached skill level 1 in Polearms
  2260 | D:3      | Reached skill level 1 in Staves
  2260 | D:3      | Reached skill level 1 in Slings
  2260 | D:3      | Reached skill level 1 in Bows
  2260 | D:3      | Reached skill level 1 in Crossbows
  2260 | D:3      | Reached skill level 1 in Throwing
  2260 | D:3      | Reached skill level 1 in Armour
  2260 | D:3      | Reached skill level 1 in Shields
  2260 | D:3      | Reached skill level 1 in Unarmed Combat
  2260 | D:3      | Reached skill level 1 in Evocations
  2269 | D:3      | Killed a necrophage
  2270 | D:3      | Reached skill level 1 in Conjurations
  2270 | D:3      | Reached skill level 1 in Hexes
  2270 | D:3      | Reached skill level 1 in Necromancy
  2270 | D:3      | Reached skill level 1 in Translocations
  2270 | D:3      | Reached skill level 1 in Transmutations
  2270 | D:3      | Reached skill level 1 in Fire Magic
  2270 | D:3      | Reached skill level 1 in Ice Magic
  2270 | D:3      | Reached skill level 1 in Air Magic
  2270 | D:3      | Reached skill level 1 in Earth Magic
  2270 | D:3      | Reached skill level 1 in Poison Magic
  2270 | D:3      | Reached XP level 4. HP: 21/32 MP: 3/11
  2270 | D:3      | Reached XP level 5. HP: 24/37 MP: 3/12
  2558 | D:3      | Found Urawoyla's Distillery.
  2697 | D:3      | Bought a potion of curing for 36 gold pieces
  2698 | D:3      | Found a broken altar of Ashenzari.
  2813 | D:3      | Found Xiamueqo's Book Shoppe.
  2888 | D:3      | Found Fiav's Weapon Boutique.
  3420 | D:4      | Reached XP level 6. HP: 41/44 MP: 13/13
  3458 | D:4      | Reached skill level 5 in Dodging
  4078 | D:4      | Found a blossoming altar of Fedhas.
  4337 | D:5      | Entered Level 5 of the Dungeon
  4372 | D:5      | Reached XP level 7. HP: 50/50 MP: 8/15
  4463 | D:5      | Found a staircase to the Ecumenical Temple.
  4473 | Temple   | Entered the Ecumenical Temple
  4543 | Temple   | Became a worshipper of Gozag Ym Sagoz the Greedy
  4633 | D:5      | Found a runed translucent gate.
  4633 | D:5      | Found a runed translucent gate.
  4633 | D:5      | Found a runed translucent gate.
  4659 | D:5      | Found a white marble altar of Elyvilon.
  5287 | D:5      | Identified the +6 dagger of the Warrior {holy, Str-5 Int+9
                  | Stlth+}
  5287 | D:5      | Identified the +0 chain mail of Lachrymose Music {Int+4}
  5287 | D:5      | Noticed southernslant's ghost (novice GrGl)
  5955 | D:6      | Slain by a hound

Illustrated notes

Levels and vault maps discovered:
D:1:      psy_arrival_spokes, layout_basic, serial_shops, nicolae_shop_crystal,
          hellmonk_ecumenical_altar_pennies_from_heaven,
          ebering_dispersal_statue_hall
D:2:      layout_basic, due_unseen_surprise
D:3:      layout_rooms, nicolae_ashenzari_skybound, serial_shops,
          nicolae_shop_crystal, shop, shop, st_stairs_10
D:4:      layout_loops_ring, amcnicky_altar_gilded
D:5:      layout_basic, overflow_temple_1_default,
          minmay_temple_entry_glassed_door, biasface_ghost_orc_armoury
D:6:      layout_basic, nicolae_wu_jian_glorious_leap, serial_curves,
          eino_curves_01, eino_curves_01, eino_curves_01,
          minmay_strange_pillars, minmay_misc_feat_pillars
Temple:   corrupted_temple

Skill      XL: |  1  2  3  4  5  6  7 |
---------------+----------------------+-----
Spellcasting   | 5 |  5.6
Invocations    | 1 2 |  2.8
Fighting       | 1 2 |  2.5
Short Blades   | 1 2 |  2.5
Long Blades    | 1 2 |  2.5
Axes           | 1 2 |  2.5
Maces & Flails | 1 2 |  2.5
Polearms       | 1 2 |  2.5
Staves         | 1 2 |  2.5
Slings         | 1 2 |  2.5
Bows           | 1 2 |  2.5
Crossbows      | 1 2 |  2.5
Throwing       | 1 2 |  2.5
Armour         | 1 2 |  2.5
Shields        | 1 2 |  2.5
Unarmed Combat | 1 2 |  2.5
Evocations     | 1 2 |  2.5
Conjurations   | 1 2 |  2.1
Hexes          | 1 2 |  2.1
Necromancy     | 1 2 |  2.1
Translocations | 1 2 |  2.1
Transmutations | 1 2 |  2.1
Fire Magic     | 1 2 |  2.1
Ice Magic      | 1 2 |  2.1
Air Magic      | 1 2 |  2.1
Earth Magic    | 1 2 |  2.1
Poison Magic   | 1 2 |  2.1
Dodging        | 5 |  5.3
Stealth        | |  4.9
Summonings     | |  7.4

Action                   |  1- 3 |  4- 6 |  7- 9 || total
-------------------------+-------+-------+-------++-------
Melee: Unarmed           |    12 |       |       ||    12
       Dagger            |    62 |       |       ||    62
       Bite              |     6 |     7 |     6 ||    19
       Short sword       |    18 |    93 |    53 ||   164
       Punch             |     1 |     2 |     2 ||     5
Throw: Boomerang         |     1 |     2 |       ||     3
 Cast: Summon Small Mamm |    39 |     9 |     6 ||    54
       Call Imp          |     2 |     6 |     4 ||    12
       Call Canine Famil |     2 |     5 |     3 ||    10
  Use: Potion            |       |     1 |     5 ||     6
 Stab: Sleeping          |     6 |     3 |     1 ||    10
       Distracted        |       |     1 |       ||     1
Armor: Robe              |    15 |       |       ||    15
       Leather armour    |       |    28 |    11 ||    39
Dodge: Dodged            |    63 |    78 |    31 ||   172

Table legend: (Time is in decaauts)
 A = Elapsed time spent in this place.
 B = Non-inter-level travel time spent in this place.
 C = Inter-level travel time spent in this place.
 D = Time resting spent in this place.
 E = Time spent auto-exploring this place.
 F = Levels seen in this place.
 G = Mean time per level.
                   A        B        C        D        E       F      G
               +--------+--------+--------+--------+--------+-----+--------+
         Total |   5946 |   5795 |    151 |      0 |   4909 |   7 |  849.4 |
       Dungeon |   5857 |   5719 |    138 |      0 |   4879 |   6 |  976.2 |
        Temple |     89 |     76 |     13 |      0 |     29 |   1 |   89.0 |
               +--------+--------+--------+--------+--------+-----+--------+

Top non-repeatable levels by time:
     D:5: 1482 daAuts
     D:4: 1372 daAuts
     D:1: 1181 daAuts
     D:2: 1025 daAuts
     D:3: 747 daAuts
  Temple: 89 daAuts
     D:6: 47 daAuts
